Map: Rhoskallian LE

Players

Faxbot - Winner!

  • Race: Terran Terran
  • Spawn Location: 6:00

BlacknWhite - Winner!

  • Race: Protoss Protoss
  • Spawn Location: 5:00

qqq

  • Race: Zerg Zerg
  • Spawn Location: 12:00

Massa

  • Race: Terran Terran
  • Spawn Location: 11:00

VOD

Have the link to the VOD?

Description

Time

  • Played on: Oct. 1, 2020, 3:17 p.m.
  • Length: 11:27
Show
View Real Time Build Order
Export as new Build Order

Faxbot Terran - Winner!

Build Orders:  

Get SALT Encoding   

  12  0:00  SCV  
  13  0:12  SCV  
  14  0:20  Supply Depot  
  14  0:25  SCV  
  15  0:31  Refinery  
  15  0:41  SCV  
  16  0:48  Barracks  
  16  0:53  SCV  
  16  0:57  Refinery  
  17  1:05  SCV  
  18  1:12  Barracks  
  18  1:17  SCV  
  19  1:33  Supply Depot  
  19  1:35  Reaper  
  19  1:38  SCV  
  21  1:56  Supply Depot  
  22  2:01  Reaper  
  22  2:07  Factory  
  22  2:11  Barracks Tech Lab  
  22  2:24  Orbital Command  
  22  2:31  Marine  
  23  2:40  Marine  
  24  2:44  Stimpack  
  24  2:49  Marine  
  24  2:50  Factory Tech Lab  
  25  3:24  Marine x2  
  26  3:42  Marine x2  
  25  4:00  Marine  
  26  4:03  SCV  
  26  4:04  Starport  
  26  4:09  Command Center  
  27  4:13  Siege Tank  
  27  4:15  SCV  
  31  4:26  Combat Shield  
  31  4:27  SCV  
  32  4:41  Medivac  
  32  4:45  Siege Tank  
  37  4:49  SCV  
  37  4:52  Barracks Reactor  
  38  4:57  Engineering Bay  
  38  5:07  Marine  
  39  5:16  SCV  
  40  5:24  Marine  
  40  5:28  SCV  
  39  5:46  Marine  
  40  5:52  Concussive Shells  
  40  6:01  Missile Turret  
  40  6:03  Missile Turret  
  40  6:04  Medivac x2  
  40  6:07  Marine x2  
  40  6:09  SCV  
  47  6:14  Orbital Command  
  47  6:21  SCV  
  48  6:26  Engineering Bay  
  48  6:30  Barracks x2  
  48  6:33  SCV  
  49  6:44  Marine x2  
  49  6:45  SCV  
  49  7:01  Marine  
  49  7:02  Marine  
  51  7:12  Viking x2  
  55  7:19  Marine x2  
  55  7:37  Marine x2  
  55  7:43  Barracks Reactor x2  
  57  7:45  SCV  
  58  7:55  Marine x2  
  58  7:57  SCV  
  60  8:09  SCV  
  58  8:13  Marine x2  
  60  8:20  Marine x2  
  62  8:31  Marine  
  62  8:34  Marine  
  62  8:35  Marine  
  62  8:36  SCV, Marine  
  62  8:38  Marine x2  
  61  8:43  Siege Tank  
  57  8:48  Medivac x2  
  57  8:49  Marine  
  62  8:56  Missile Turret  
  62  8:57  Missile Turret  
  62  9:16  Starport  
  62  9:17  Supply Depot  
  62  9:18  Supply Depot  
  62  9:20  Supply Depot  
  62  9:21  SCV, Marine x3, Siege Tank  
  62  9:22  Supply Depot  
  69  9:27  Refinery  
  69  9:28  Refinery  
  69  9:34  SCV  
  70  9:46  SCV, Marine x6  
  77  9:58  SCV  
  77  9:59  Missile Turret  
  78  10:04  Marine x2  
  79  10:10  SCV  
  78  11:03  Marine x6  
Show
View Real Time Build Order
Export as new Build Order

BlacknWhite Protoss - Winner!

Build Orders: 1 Gate Expand, Oracle Opening, Carriers 

Get SALT Encoding   

  12  0:00  Probe  
  13  0:12  Probe  
  14  0:21  Pylon  
  14  0:26  Probe  
  15  0:40  Probe  
  16  0:43  Gateway  
  17  0:57  Probe  
  17  1:09  Probe  
  18  1:24  Assimilator  
  18  1:32  Zealot  
  20  1:38  Nexus  
  20  1:43  Probe  
  21  1:55  Probe  
  22  2:04  Pylon  
  22  2:07  Cybernetics Core  
  24  2:22  Zealot  
  24  2:31  Assimilator  
  24  2:33  Probe  
  25  2:47  Stargate  
  25  2:53  Probe  
  25  2:57  Probe, Assimilator  
  27  3:04  Assimilator  
  27  3:05  Probe  
  28  3:09  Probe  
  29  3:17  Probe, Pylon  
  30  3:21  Probe  
  31  3:29  Probe  
  31  3:33  Probe, Oracle  
  36  3:41  Probe  
  36  3:45  Probe  
  38  3:48  Pylon  
  38  3:53  Pylon  
  38  3:57  Probe  
  39  4:03  Probe  
  39  4:09  Probe  
  41  4:15  Probe  
  42  4:21  Probe  
  43  4:27  Probe  
  44  4:34  Probe, Forge  
  45  4:44  Protoss Air Weapons Level 1  
  45  4:46  Probe  
  46  5:14  Probe x2  
  47  5:17  Void Ray (Chrono Boost)  
  47  5:18  Photon Cannon  
  47  5:21  Photon Cannon  
  48  5:23  Photon Cannon  
  48  5:25  Photon Cannon  
  48  5:26  Probe x2  
  54  5:31  Stargate  
  54  5:50  Void Ray (Chrono Boost)  
  54  5:51  Pylon  
  54  5:55  Photon Cannon  
  58  5:57  Photon Cannon, Shield Battery  
  55  6:07  Fleet Beacon  
  55  6:12  Void Ray (Chrono Boost)  
  59  6:34  Protoss Shields Level 1 (Chrono Boost)  
  57  6:50  Carrier (Chrono Boost)  
  57  6:51  Carrier (Chrono Boost)  
  67  7:15  Pylon  
  67  7:40  Carrier x2 (Chrono Boost)  
  79  7:45  Pylon  
  79  7:48  Pylon  
  79  7:49  Protoss Air Weapons Level 2  
  79  8:05  Photon Cannon  
  77  8:11  Photon Cannon  
  77  8:16  Probe, Photon Cannon  
  77  8:18  Photon Cannon  
  78  8:20  Shield Battery  
  78  8:27  Robotics Facility  
  78  8:38  Carrier (Chrono Boost)  
  78  8:39  Carrier (Chrono Boost)  
  90  9:02  Probe  
  85  9:04  Nexus  
  85  9:14  Probe  
  86  9:20  Pylon  
  86  9:23  Pylon  
  86  9:26  Probe  
  87  9:34  Assimilator  
  87  9:39  Probe, Assimilator  
  87  9:42  Twilight Council  
  88  9:47  Photon Cannon  
  88  9:50  Photon Cannon  
  88  9:55  Photon Cannon  
  88  10:10  Carrier (Chrono Boost)  
  88  10:11  Carrier (Chrono Boost)  
  108  10:24  Probe  
  105  10:36  Probe  
  106  10:48  Probe  
  106  11:00  Photon Cannon  
  106  11:01  Shield Battery  
Show
View Real Time Build Order
Export as new Build Order

qqq Zerg 

Build Orders: Pool First 

Get SALT Encoding   

  12  0:02  Drone  
  13  0:09  Drone  
  14  0:29  Spawning Pool  
  13  0:35  Overlord  
  13  0:42  Drone  
  14  0:45  Extractor  
  14  0:46  Drone  
  14  0:55  Drone  
  15  0:58  Drone  
  16  1:24  Hatchery  
  15  1:26  Drone  
  15  1:31  Drone  
  17  1:39  Drone  
  18  1:49  Lair  
  18  1:53  Drone  
  19  2:03  Overlord  
  19  2:11  Zergling x2  
  19  2:14  Zergling x2  
  21  2:27  Zergling x2  
  22  2:32  Metabolic Boost  
  22  2:37  Drone  
  23  2:40  Zergling x2  
  24  2:45  Zergling x2  
  25  2:52  Queen  
  25  2:53  Drone  
  28  3:01  Queen  
  27  3:19  Zergling x2  
  28  3:20  Zergling x4  
  28  3:21  Drone x2, Zergling x2  
  32  3:31  Zergling x2  
  32  3:32  Drone  
  34  3:53  Zergling x4  
  36  4:05  Overlord  
  36  4:06  Overlord x2  
  37  4:24  Zergling x4  
  37  4:25  Hatchery, Zergling x4  
  39  4:32  Drone  
  40  4:42  Zergling x2  
  41  4:49  Spore Crawler  
  41  4:51  Drone x2, Spore Crawler  
  41  4:52  Drone x2  
  42  4:53  Zergling x6  
  45  5:02  Zergling x2  
  42  5:13  Drone x4  
  38  5:38  Zergling x4  
  38  5:42  Baneling Nest  
  39  5:43  Drone x2  
  42  5:50  Drone x4  
  44  6:10  Drone x3, Extractor, Spire  
  45  6:12  Drone  
  45  6:13  Drone  
  45  6:16  Hatchery  
  45  6:17  Hatchery  
  45  6:19  Overlord  
  45  6:23  Drone  
  45  6:25  Drone x2  
  48  6:37  Zergling x2  
  48  6:38  Zergling x2  
  48  6:39  Drone x3  
  51  7:01  Zergling x8  
  54  7:08  Drone x4  
  52  7:28  Extractor  
  52  7:29  Mutalisk  
  51  7:30  Extractor, Mutalisk x3  
  51  7:43  Mutalisk x2, Zergling x2  
  56  7:44  Zergling x2  
  56  7:45  Zergling x2  
  56  8:10  Hatchery  
  56  8:11  Mutalisk  
  56  8:12  Zergling x6  
  56  8:15  Hatchery  
  52  8:49  Overlord x4  
  52  9:17  Drone x3  
  54  9:18  Mutalisk x2  
  54  9:23  Hatchery  
  58  9:27  Hatchery  
  58  9:28  Hatchery  
  58  9:29  Hatchery  
  55  9:37  Drone  
  56  9:39  Drone x3  
  59  9:55  Infestation Pit  
  58  10:05  Drone x2  
  58  10:06  Drone x4  
  64  10:07  Mutalisk  
  65  10:15  Corruptor  
  63  10:25  Mutalisk x3  
  63  10:28  Zergling x2  
  56  10:38  Spore Crawler  
  43  10:51  Drone x3  
  43  10:56  Drone  
  43  11:04  Drone  
  42  11:14  Drone x2  
  42  11:15  Drone, Spawning Pool  
Show
View Real Time Build Order
Export as new Build Order

Massa Terran 

Build Orders:  

Get SALT Encoding   

  12  0:00  SCV  
  13  0:13  SCV  
  14  0:22  Supply Depot  
  14  0:25  SCV  
  15  0:31  Refinery  
  15  0:44  SCV  
  15  0:47  Barracks  
  16  0:59  SCV  
  17  1:11  SCV  
  18  1:23  SCV  
  19  1:35  SCV  
  20  1:41  Factory  
  20  1:45  Marine  
  21  1:50  Supply Depot  
  21  1:51  Orbital Command  
  21  2:03  Marine  
  22  2:21  SCV, Reaper  
  24  2:33  SCV  
  25  2:47  Hellion  
  27  2:53  Reaper  
  28  2:59  Refinery  
  28  3:09  Hellion  
  30  3:22  Starport  
  30  3:25  Reaper  
  31  3:39  Command Center  
  31  3:44  Supply Depot  
  27  4:11  Barracks Tech Lab  
  27  4:16  Factory, Medivac  
  29  4:29  Barracks  
  29  4:30  Barracks x2  
  29  4:33  Command Center  
  29  4:38  Engineering Bay  
  28  5:08  Stimpack  
  28  5:10  Factory Tech Lab  
  28  5:18  Missile Turret  
  28  5:23  Marauder  
  30  5:35  Siege Tank  
  33  5:44  Marauder  
  33  5:45  SCV  
  36  5:52  Orbital Command  
  36  5:57  SCV  
  37  6:05  Missile Turret  
  37  6:08  Widow Mine  
  39  6:16  SCV  
  39  6:17  SCV  
  41  6:23  Marauder  
  43  6:28  SCV  
  43  6:29  Widow Mine, SCV  
  47  6:34  Widow Mine  
  47  6:37  Refinery  
  49  6:44  Orbital Command  
  49  6:47  Combat Shield  
  49  6:49  Refinery  
  49  6:51  Marauder  
  51  6:58  Widow Mine  
  51  6:59  Widow Mine  
  55  7:19  Widow Mine  
  55  7:20  Siege Tank  
  60  7:28  Marine  
  61  7:34  Barracks  
  61  7:35  Barracks  
  61  7:40  Barracks Reactor  
  61  7:41  Barracks Reactor, Barracks Tech Lab  
  61  7:46  Marine  
  62  8:04  Marine  
  63  8:12  Hellion  
  65  8:33  Hellion  
  62  8:55  Hellion  
  60  9:10  Barracks Reactor x2  
  60  9:11  Marauder, Marine  
  60  9:12  Marauder, Marine x3  
  68  9:20  Engineering Bay  
  64  9:29  Marine  
  64  9:30  SCV, Marine x3  
  69  9:42  Orbital Command  
  69  9:48  Missile Turret  
  69  9:54  Supply Depot  
  69  9:56  Supply Depot  
  69  10:12  Supply Depot x2  
  69  10:15  SCV x2, Marine x3  
  69  10:16  Marauder x2  
  69  10:18  Marine  
  74  10:22  Factory Tech Lab  
  74  10:27  SCV  
  74  10:28  SCV  
  76  10:33  Marine x3  
  79  10:35  Marine  
  79  10:37  Marauder x2  
  79  10:39  SCV  
  79  10:40  SCV  
  78  10:52  SCV  
  77  10:59  Marauder x2  
  77  11:01  Marine x8  
Tags
 
Add a new tag
Caveats
  • Supply blocks, unpowered buildings, or Contaminate may cause inaccurate times.
  • Supply counts are checked every 10 seconds.